Map: Eternal Empire LE

Players

SKillous

  • Race: Protoss Protoss
  • League: Grandmaster
  • Spawn Location: 7:00

HeroMarine - Winner!

  • Race: Terran Terran
  • League: Master
  • Spawn Location: 1:00

Event: DreamHack SC2 Masters 2020 Fall

VOD

Have the link to the VOD?

Description

Time

  • Played on: Sept. 10, 2020, 2:31 p.m.
  • Length: 11:08

All games in this series

Show
View Real Time Build Order
Export as new Build Order

SKillous Protoss 

Build Orders: 1 Gate Expand, Zealot Archon, Dark Templar Rush 

Get SALT Encoding   

  12  0:00  Probe  
  13  0:12  Probe  
  14  0:17  Pylon  
  14  0:24  Probe (Chrono Boost)  
  15  0:36  Gateway, Probe (Chrono Boost)  
  16  0:44  Probe (Chrono Boost)  
  16  0:46  Assimilator  
  17  0:50  Probe  
  18  1:03  Probe  
  19  1:15  Probe  
  20  1:23  Cybernetics Core  
  20  1:33  Nexus  
  20  1:36  Probe  
  21  1:45  Pylon  
  21  1:50  Assimilator  
  21  1:53  Probe  
  22  2:00  Adept (Chrono Boost)  
  22  2:03  Warp Gate  
  22  2:05  Probe (Chrono Boost)  
  26  2:17  Probe (Chrono Boost)  
  26  2:22  Probe (Chrono Boost)  
  26  2:23  Twilight Council  
  27  2:30  Stalker  
  27  2:33  Probe  
  30  2:45  Probe (Chrono Boost)  
  32  2:51  Probe (Chrono Boost)  
  32  2:52  Pylon  
  32  2:54  Probe (Chrono Boost)  
  34  2:58  Probe (Chrono Boost)  
  34  3:00  Probe (Chrono Boost)  
  35  3:10  Dark Shrine, Probe  
  36  3:12  Gateway  
  36  3:16  Probe  
  37  3:22  Probe (Chrono Boost)  
  38  3:33  Probe (Chrono Boost)  
  40  3:35  Probe (Chrono Boost)  
  40  3:39  Gateway  
  40  3:41  Probe (Chrono Boost)  
  41  3:42  Probe (Chrono Boost)  
  41  3:46  Robotics Facility  
  42  3:49  Probe (Chrono Boost)  
  42  3:57  Probe (Chrono Boost)  
  42  4:00  Probe (Chrono Boost)  
  42  4:05  Probe (Chrono Boost)  
  42  4:06  Probe (Chrono Boost)  
  44  4:10  Assimilator  
  44  4:15  Probe  
  46  4:17  Nexus  
  46  4:22  Dark Templar x2  
  50  4:27  Pylon, Probe x2 (Chrono Boost)  
  51  4:34  Observer  
  54  4:38  Probe (Chrono Boost)  
  54  4:40  Probe (Chrono Boost)  
  54  4:44  Probe (Chrono Boost)  
  54  4:48  Probe  
  54  4:50  Dark Templar  
  56  4:55  Probe (Chrono Boost)  
  56  4:56  Dark Templar  
  59  5:02  Charge  
  59  5:06  Probe (Chrono Boost)  
  61  5:07  Probe (Chrono Boost)  
  61  5:12  Gateway, Probe (Chrono Boost)  
  61  5:13  Gateway  
  53  5:14  Probe (Chrono Boost)  
  53  5:17  Observer  
  54  5:21  Probe  
  54  5:23  Gateway  
  54  5:24  Probe (Chrono Boost)  
  54  5:25  Gateway  
  56  5:29  Probe (Chrono Boost)  
  56  5:32  Stalker  
  56  5:33  Stalker  
  62  5:37  Probe (Chrono Boost)  
  62  5:38  Probe (Chrono Boost)  
  62  5:39  Sentry  
  62  5:41  Probe (Chrono Boost)  
  66  5:45  Pylon  
  66  5:46  Probe (Chrono Boost)  
  66  5:47  Probe (Chrono Boost)  
  66  5:48  Probe (Chrono Boost)  
  69  5:51  Probe (Chrono Boost)  
  69  5:55  Probe  
  67  5:58  Probe  
  67  6:00  Pylon  
  69  6:04  Probe (Chrono Boost)  
  69  6:05  Zealot, Sentry  
  69  6:08  Probe (Chrono Boost)  
  75  6:15  Observer, Probe (Chrono Boost)  
  75  6:18  Forge, Robotics Bay  
  77  6:19  Probe (Chrono Boost)  
  77  6:21  Archon, Probe (Chrono Boost)  
  77  6:22  Assimilator  
  77  6:25  Observer, Probe (Chrono Boost)  
  79  6:27  Zealot  
  79  6:28  Warp Prism (Chrono Boost), Zealot, Probe (Chrono Boost)  
  79  6:29  Observer  
  87  6:33  Probe x2 (Chrono Boost)  
  87  6:37  Probe (Chrono Boost)  
  87  6:38  Zealot x2  
  92  6:41  Pylon  
  92  6:44  Pylon  
  92  6:45  Pylon  
  92  6:50  Probe  
  92  6:53  Protoss Ground Weapons Level 1 (Chrono Boost)  
  92  7:04  Zealot x7  
  92  7:07  Pylon  
  106  7:10  Probe  
  105  7:16  Probe  
  95  7:24  Zealot x5  
  101  7:34  Probe  
  99  7:49  Zealot x3  
  99  7:50  Zealot x4  
  113  7:52  Colossus (Chrono Boost)  
  113  7:53  Probe  
  113  7:57  Probe  
  121  7:58  Probe  
  121  8:05  Probe  
  113  8:09  Probe (Chrono Boost)  
  106  8:18  Stalker x4  
  106  8:19  Probe (Chrono Boost), Stalker  
  102  8:23  Probe (Chrono Boost)  
  102  8:24  Pylon  
  102  8:26  Sentry x2  
  106  8:27  Assimilator  
  106  8:30  Shield Battery  
  106  8:31  Assimilator  
  112  8:34  Colossus (Chrono Boost)  
  112  8:37  Photon Cannon  
  106  8:49  Zealot x5  
  106  8:54  Observer, Photon Cannon  
  114  8:58  Extended Thermal Lance  
  114  9:02  Probe  
  115  9:07  Zealot x2  
  119  9:11  Dark Templar  
  119  9:13  Dark Templar  
  122  9:19  Dark Templar, Archon  
  122  9:21  Zealot x2  
  126  9:35  Zealot x2  
  104  9:40  Colossus (Chrono Boost)  
  104  9:42  Zealot x2  
  96  9:45  Zealot x2  
  88  9:53  Zealot  
  88  9:55  Zealot x2  
  88  9:58  Photon Cannon  
  94  10:04  Zealot x2  
  93  10:08  Zealot x2  
  84  10:17  Zealot x3, Colossus (Chrono Boost)  
  85  10:27  Zealot x2  
  67  10:37  Stalker x2  
  67  10:38  Stalker  
  67  10:41  Probe  
  69  10:46  Pylon  
  63  10:56  Stalker x2  
  55  11:01  Zealot  
Show
View Real Time Build Order
Export as new Build Order

HeroMarine Terran - Winner!

Build Orders: Reaper Expand 

Get SALT Encoding   

  12  0:00  SCV  
  13  0:12  SCV  
  14  0:17  Supply Depot  
  14  0:24  SCV  
  15  0:38  SCV  
  15  0:39  Barracks  
  16  0:43  Refinery  
  16  0:50  SCV  
  17  1:03  SCV  
  18  1:15  SCV  
  19  1:26  Reaper  
  19  1:27  Orbital Command  
  20  1:43  Command Center  
  20  1:52  Supply Depot  
  20  1:54  SCV  
  21  1:58  Marine  
  22  2:06  SCV  
  23  2:11  Factory  
  23  2:18  SCV  
  23  2:20  Bunker  
  23  2:22  Barracks Reactor  
  24  2:30  SCV  
  24  2:31  Refinery  
  25  2:42  SCV  
  26  2:54  SCV  
  26  2:55  Hellion  
  26  2:56  Orbital Command  
  29  3:01  Starport  
  29  3:02  Marine  
  29  3:05  Marine  
  31  3:08  SCV  
  32  3:16  Widow Mine  
  32  3:19  Marine  
  34  3:20  SCV  
  34  3:22  SCV  
  34  3:23  Marine  
  38  3:29  Supply Depot  
  38  3:32  SCV  
  39  3:34  SCV  
  39  3:37  Marine  
  39  3:39  Medivac  
  39  3:40  Marine  
  39  3:41  Widow Mine  
  46  3:51  SCV  
  46  3:54  SCV  
  46  3:55  Marine  
  48  3:58  Marine  
  48  4:01  Supply Depot  
  48  4:03  Factory Tech Lab, SCV  
  48  4:06  SCV  
  49  4:12  Starport Tech Lab  
  49  4:13  Marine  
  49  4:15  SCV  
  49  4:16  Engineering Bay, Marine  
  52  4:18  SCV  
  52  4:22  Siege Tank  
  56  4:29  SCV  
  56  4:30  SCV  
  58  4:31  Command Center  
  58  4:32  Marine  
  58  4:34  Raven  
  61  4:45  Engineering Bay, Bunker  
  61  4:46  SCV  
  62  4:56  Supply Depot  
  62  4:58  SCV  
  62  5:18  Siege Tank, SCV x2  
  62  5:19  Barracks  
  67  5:22  Missile Turret, Barracks  
  67  5:30  Refinery, SCV x2  
  67  5:34  Refinery  
  69  5:41  Supply Depot  
  69  5:42  Raven, SCV x2  
  73  5:46  Orbital Command  
  73  5:54  SCV  
  73  5:55  SCV  
  73  5:57  Marine x2  
  75  6:05  Engineering Bay  
  75  6:06  SCV  
  75  6:07  SCV  
  75  6:08  Terran Infantry Weapons Level 1  
  75  6:11  Barracks Tech Lab, Orbital Command  
  75  6:17  Stimpack  
  75  6:18  SCV, Marine  
  76  6:19  SCV  
  76  6:25  Factory Reactor  
  78  6:26  Marine x2  
  78  6:30  SCV  
  78  6:31  SCV  
  82  6:34  Missile Turret, Terran Infantry Armor Level 1  
  82  6:35  Starport Reactor, Supply Depot  
  82  6:39  Bunker, SCV  
  83  6:42  SCV  
  83  6:43  SCV  
  83  6:45  Marine x2  
  87  6:47  Combat Shield  
  87  6:51  SCV  
  87  6:52  Marauder  
  87  6:53  Marauder  
  92  6:54  SCV  
  92  6:57  SCV  
  94  7:07  Barracks  
  94  7:09  Widow Mine  
  94  7:10  Barracks, Widow Mine  
  94  7:14  Marauder x2  
  100  7:16  SCV x2, Supply Depot  
  100  7:17  SCV, Supply Depot  
  98  7:26  Orbital Command  
  98  7:29  Marine x2  
  93  7:33  Medivac x2, Widow Mine x2  
  93  7:35  Marauder x2  
  104  7:47  Supply Depot  
  104  7:49  Marine  
  104  7:52  Marine  
  104  7:57  Marauder x2  
  107  8:02  Marine x2  
  105  8:06  Marine  
  105  8:10  Marine  
  97  8:17  Marine  
  97  8:18  Marine  
  91  8:20  Marine  
  91  8:21  Marine  
  91  8:22  Medivac  
  91  8:25  Viking  
  97  8:32  Concussive Shells  
  97  8:33  Marine x2  
  99  8:36  Marauder x2  
  99  8:38  Marine  
  99  8:40  Supply Depot  
  99  8:41  Supply Depot  
  104  8:43  Marauder  
  104  8:51  Marine x2  
  106  8:56  Widow Mine, Marine  
  106  9:02  Medivac x2, Marauder, Widow Mine, SCV, Marine  
  119  9:04  Supply Depot  
  119  9:08  Marauder  
  123  9:16  Supply Depot  
  121  9:17  Supply Depot  
  121  9:18  Widow Mine  
  121  9:20  Marauder  
  125  9:26  Marauder, SCV x3, Widow Mine  
  132  9:32  Marauder  
  118  9:41  Marauder  
  118  9:43  Marine  
  118  9:45  Marine x2  
  114  9:48  SCV x3, Marauder  
  109  9:53  Marauder  
  108  10:00  SCV  
  108  10:01  Marine  
  108  10:03  Marauder, Marine x2  
  108  10:04  Medivac  
  115  10:08  Marine  
  115  10:11  SCV  
  115  10:14  SCV  
  115  10:15  Marauder  
  115  10:18  Marine  
  115  10:21  Marine x2  
  111  10:24  Marine  
  111  10:26  Marine  
  109  10:29  Medivac  
  101  10:36  Marine x2  
  101  10:39  Widow Mine, Marine x2  
  101  10:42  Marauder  
  104  10:45  Marauder  

Tags
 
Add a new tag
Caveats
  • Supply blocks, unpowered buildings, or Contaminate may cause inaccurate times.
  • Supply counts are checked every 10 seconds.